 Dungeon Crawl Stone Soup version 0.22-a0-231-g1b571ea (webtiles) character file.

28 seerdeer the Bolt Thrower (level 3, -2/22 HPs)
             Began as a Kobold Hunter on Feb 20, 2018.
             Slain by a gnoll
             ... wielding a cursed +0 flail
              (10 damage)
             ... on level 2 of the Dungeon.
             The game lasted 00:12:44 (905 turns).

seerdeer the Bolt Thrower (Kobold Hunter)            Turns: 905, Time: 00:12:44

Health: -2/22      AC:  3    Str:  9    XL:     3   Next: 30%
Magic:  3/3        EV: 12    Int: 12    God:
Gold:   2          SH:  7    Dex: 16    Spells: 2/2 levels left

rFire    . . .     SeeInvis .   q - +0 dagger (venom)
rCold    . . .     Gourm    .   n - +0 shield
rNeg     . . .     Faith    .   c - +0 leather armour
rPois    .         Spirit   .   (no helmet)
rElec    .         Reflect  .   (no cloak)
rCorr    .         Harm     .   (no gloves)
MR       .....                  (no boots)
Stlth    ++........             (no amulet)
HPRegen  0.07/turn              (no ring)
MPRegen  0.08/turn              (no ring)

@: no status effects
A: small, carnivore
a: no special abilities


You were on level 2 of the Dungeon.
You were not hungry.

You visited 1 branch of the dungeon, and saw 2 of its levels.

You collected 2 gold pieces.

Inventory:

Hand Weapons
 a - a +1 hand crossbow
 i - a +0 dagger of speed
 q - a +0 dagger of venom (weapon)
Missiles
 d - 17 bolts
 m - 14 arrows
Armour
 c - a +0 leather armour (worn)
 n - a +0 shield (worn)
Potions
 h - a potion of ambrosia
 o - a potion of curing
Comestibles
 b - 2 chunks of flesh
 f - 4 rations


   Skills:
 + Level 2.6 Fighting
 + Level 0.8 Short Blades
 + Level 5.6 Crossbows
 + Level 2.5 Dodging
 + Level 1.3 Stealth


You had 2 spell levels left.
You didn't know any spells.

Dungeon Overview and Level Annotations

Branches:
Dungeon (2/15)

Altars:


Innate Abilities, Weirdness & Mutations

You are small and have problems with some larger weapons.
You are carnivorous and can eat meat at any time.


Message History

a - a +1 hand crossbow (weapon)
Found 2 coppery potions. 3 gnolls come into view.
The gnoll shouts! x2; You hear a shout!
A gnoll comes into view. It is wielding a flail of venom.
Wield which item (- for none, * to show all)? (? for menu, Esc to quit)
Your +0 dagger of venom begins to drip with poison!
q - a +0 dagger of venom (weapon)
You hit the gnoll but do no damage.
The gnoll is poisoned.
The gnoll hits you with a flail!
You barely miss the gnoll.
The gnoll is moderately wounded.
The gnoll hits you with a flail.
You barely miss the gnoll.
The gnoll is moderately wounded.
The gnoll hits you with a flail.
You hit the gnoll.
The gnoll is heavily wounded.
The gnoll hits you with a flail!
You die...

#.# #.#
###.###..
#.....###
#.#.#.#
#.#...#
#.#.#.#
#.....#
###.#.# #@# #
#g#
#....gg.gg...
#.#.#.#.#.g..
#.#.#.# ## #
..# # .## #


You could see 3 gnolls.

Vanquished Creatures
  A dart slug (D:1)
  A leopard gecko (D:1)
  5 goblins
  7 hobgoblins
  2 kobolds (D:1)
  2 bats (D:1)
  A frilled lizard (D:1)
  5 rats
24 creatures vanquished.

Notes
Turn   | Place    | Note
-------+----------+-------------------------------------------
     0 | D:1      | seerdeer the Kobold Hunter began the quest for the Orb.
     0 | D:1      | Reached XP level 1. HP: 12/12 MP: 1/1
    72 | D:1      | Reached skill level 5 in Crossbows
   131 | D:1      | Reached XP level 2. HP: 18/18 MP: 2/2
   483 | D:1      | Reached XP level 3. HP: 12/22 MP: 3/3
   905 | D:2      | Slain by a gnoll

Vault maps used:
D:1:      lightli_arrival_lavapool, serial_glass, glass_columns_a,
          glass_columns_b
D:2:      first_ration

Skill      XL: |  1 |
---------------+----+-----
Crossbows      | 5 |  5.6
Fighting       | |  2.6
Short Blades   | |  0.8
Dodging        | |  2.5
Stealth        | |  1.3

Action                   || total
-------------------------++-------
Melee: Short sword       ||     6
       Dagger            ||    39
 Fire: Hand crossbow     ||    45
  Use: Scroll            ||     5
       Potion            ||     1
  Eat: Chunk             ||     3
Armor: Leather armour    ||     4
Dodge: Dodged            ||    28
Block: Shield            ||     7

Table legend:
 A = Spawn XP
 B = Non-spawn XP
 C = Spawn XP percentage of total XP
 D = Spawn monster count
 E = Non-spawn monster count
 F = Spawn count percentage of total count
 G = Total turns spent on level
                    A         B        C        D         E        F      G
               +---------+---------+-------+---------+---------+-------+---------
         Total |       0 |      41 |   0.0 |       0 |      24 |   0.0 |   905
               +---------+---------+-------+---------+---------+-------+---------
           D:1 |       0 |      35 |   0.0 |       0 |      20 |   0.0 |   748
           D:2 |       0 |       6 |   0.0 |       0 |       4 |   0.0 |   157
               +---------+---------+-------+---------+---------+-------+---------
